APP
JOHNSON CITY CARDINALS @ SAN DIEGO (APP) PADRES
05/28/2044
 
TOP OF THE 1ST
Johnson City Cardinals batting - Pitching for San Diego (APP) Padres : LHP Juan Lopez
Pitching: LHP Juan Lopez
Batting: RHB Mario Mendoza 0-0: Ball
1-0: Fly out, F3 (Popup, 23F, EV 89.4 MPH)
Batting: RHB Josh Broome 0-0: Fly out, F7 (Line Drive, 7D, EV 92.5 MPH)
Batting: LHB Ichiro Toyota 0-0: Called Strike
0-1: Ball
1-1: Foul Ball, location: 2F
1-2: Foul Ball, location: 2F
1-2: Ball
2-2: Ground out 4-3 (Groundball, 34, EV 104.4 MPH)
Top of the 1st over - 0 runs, 0 hits, 0 errors, 0 left on base; Johnson City 0 - San Diego (APP) 0
BOTTOM OF THE 1ST
San Diego (APP) Padres batting - Pitching for Johnson City Cardinals : RHP Casey Cogdill
Pitching: RHP Casey Cogdill
Batting: RHB Wally Cangro 0-0: Foul Ball, location: 2F
0-1: Ball
1-1: SINGLE (Groundball, 4MD, EV 98.1 MPH)
Batting: SHB Yutaro Takahashi 0-0: Ball
1-0: Foul Ball, location: 2F
1-1: Called Strike
1-2: Foul Ball, location: 2F
1-2: Ball
2-2: SINGLE (Line Drive, 9S, EV 103.8 MPH)
Wally Cangro to second
Batting: LHB Hugo MacBeth 0-0: Foul Ball, location: 2F
0-1: Called Strike
0-2: Strikes out looking
Batting: RHB Freddie Brown 0-0: Called Strike
0-1: Ball
1-1: Foul Ball, location: 2F
1-2: Foul Ball, location: 2F
1-2: Strikes out swinging
Batting: LHB Carlos Cuellar 0-0: 3-RUN HOME RUN (Flyball, 9D, EV 101.3 MPH), Distance : 383 ft
Batting: LHB Sammy Roddenberry 0-0: Called Strike
0-1: Ball
1-1: Foul Ball, location: 2F
1-2: Strikes out swinging
Bottom of the 1st over - 3 runs, 3 hits, 0 errors, 0 left on base; Johnson City 0 - San Diego (APP) 3
TOP OF THE 2ND
Johnson City Cardinals batting - Pitching for San Diego (APP) Padres : LHP Juan Lopez
Batting: RHB Immel Kamuzu 0-0: Ball
1-0: Ball
2-0: Ball
3-0: Base on Balls
Batting: RHB Brad Payne 0-0: Swinging Strike
0-1: Ball
1-1: Foul Ball, location: 2F
1-2: Foul Ball, location: 2F
1-2: 2-RUN HOME RUN (Line Drive, 89XD, EV 115.0 MPH), Distance : 439 ft
Batting: LHB Adam Eisen 0-0: Called Strike
0-1: Called Strike
0-2: Strikes out swinging
Batting: RHB Chris Jones 0-0: Ball
1-0: Called Strike
1-1: Foul Ball, location: 2F
1-2: Reached on error, E3 (Groundball, 34, EV 86.3 MPH)
Batting: RHB Geoff Musico 0-0: Swinging Strike
0-1: Ball
1-1: Called Strike
1-2: Strikes out swinging
Batting: RHB David Klein 0-0: Called Strike
0-1: Called Strike
0-2: Ball
1-2: Strikes out looking
Top of the 2nd over - 2 runs, 1 hit, 1 error, 1 left on base; Johnson City 2 - San Diego (APP) 3
BOTTOM OF THE 2ND
San Diego (APP) Padres batting - Pitching for Johnson City Cardinals : RHP Casey Cogdill
Batting: RHB Tyler West 0-0: Called Strike
0-1: Ground out 6-3 (Groundball, 6S, EV 68.8 MPH)
Batting: RHB Max Stillo 0-0: Ball
1-0: Ball
2-0: Called Strike
2-1: Ball
3-1: Ground out 6-3 (Groundball, 6, EV 100.0 MPH)
Batting: RHB Brent Little 0-0: Ball
1-0: Ball
2-0: Called Strike
2-1: Foul Ball, location: 2F
2-2: Fly out, F8 (Line Drive, 8RM, EV 91.3 MPH)
Bottom of the 2nd over - 0 runs, 0 hits, 0 errors, 0 left on base; Johnson City 2 - San Diego (APP) 3
TOP OF THE 3RD
Johnson City Cardinals batting - Pitching for San Diego (APP) Padres : LHP Juan Lopez
Batting: RHB Mario Mendoza 0-0: Called Strike
0-1: Foul Ball, location: 2F
0-2: Ball
1-2: Foul Ball, location: 2F
1-2: Ball
2-2: Ball
3-2: Base on Balls
Batting: RHB Josh Broome 0-0: Called Strike
0-1: Ball
1-1: Ball
2-1: Foul Ball, location: 2F
2-2: Ball
3-2: Strikes out looking
Batting: LHB Ichiro Toyota 0-0: Foul Ball, location: 2F
0-1: Ball
1-1: Ball
2-1: Ball
3-1: Base on Balls
Mario Mendoza to second
Batting: RHB Immel Kamuzu 0-0: Ball
1-0: Ball
2-0: Reached via error on a dropped throw from 2B, E6 (Groundball, 4M, EV 101.9 MPH)
Mario Mendoza to third
Ichiro Toyota to second
Batting: RHB Brad Payne 0-0: Ball
1-0: Ball
2-0: Fielders Choice at 2nd, 5-4 (Groundball, 5S, EV 83.8 MPH)
Mario Mendoza scores
Ichiro Toyota to third
Batting: LHB Adam Eisen 0-0: Fly out, F9 (Flyball, 9LM, EV 90.6 MPH)
Top of the 3rd over - 1 run, 0 hits, 1 error, 2 left on base; Johnson City 3 - San Diego (APP) 3
BOTTOM OF THE 3RD
San Diego (APP) Padres batting - Pitching for Johnson City Cardinals : RHP Casey Cogdill
Batting: RHB Wally Cangro 0-0: Called Strike
0-1: Called Strike
0-2: Ball
1-2: Ball
2-2: Ball
3-2: Foul Ball, location: 2F
3-2: Base on Balls
Batting: SHB Yutaro Takahashi 0-0: Ball
Wally Cangro is caught stealing 2nd base 2-6
1-0: Ball
2-0: Called Strike
2-1: Swinging Strike
2-2: Strikes out swinging
Batting: LHB Hugo MacBeth 0-0: Called Strike
0-1: Ball
1-1: Called Strike
1-2: Ground out 4-3 (Groundball, 4S, EV 88.1 MPH)
Bottom of the 3rd over - 0 runs, 0 hits, 0 errors, 0 left on base; Johnson City 3 - San Diego (APP) 3
TOP OF THE 4TH
Johnson City Cardinals batting - Pitching for San Diego (APP) Padres : LHP Juan Lopez
Batting: RHB Chris Jones 0-0: Ball
1-0: Ball
2-0: Ball
3-0: Called Strike
3-1: SINGLE (Groundball, 6MD, EV 100.6 MPH)
Batting: RHB Geoff Musico 0-0: Called Strike
0-1: Ball
1-1: Called Strike
1-2: Ball
2-2: SINGLE (Groundball, 56D, EV 100.6 MPH)
Chris Jones to second
Batting: RHB David Klein 0-0: Ball
1-0: Fielders Choice at 2nd, 6-4 (Groundball, 6, EV 108.8 MPH)
Chris Jones to third
Batting: RHB Mario Mendoza 0-0: Called Strike
0-1: Ball
1-1: Ball
2-1: Fly out, F9 (Flyball, 9LD, EV 104.4 MPH)
Runner from 3rd tags up, OUT at HOME! 9-2
Top of the 4th over - 0 runs, 2 hits, 0 errors, 1 left on base; Johnson City 3 - San Diego (APP) 3
BOTTOM OF THE 4TH
San Diego (APP) Padres batting - Pitching for Johnson City Cardinals : RHP Casey Cogdill
Batting: RHB Freddie Brown 0-0: Ground out 5-3 (Groundball, 56S, EV 65.0 MPH)
Batting: LHB Carlos Cuellar 0-0: Ball
1-0: Called Strike
1-1: Ball
2-1: Ball
3-1: Foul Ball, location: 2F
3-2: Ground out 4-3 (Groundball, 4S, EV 83.1 MPH)
Batting: LHB Sammy Roddenberry 0-0: Called Strike
0-1: Ground out 4-3 (Groundball, 4, EV 85.0 MPH)
Bottom of the 4th over - 0 runs, 0 hits, 0 errors, 0 left on base; Johnson City 3 - San Diego (APP) 3
TOP OF THE 5TH
Johnson City Cardinals batting - Pitching for San Diego (APP) Padres : LHP Juan Lopez
Batting: RHB Josh Broome 0-0: Foul Ball, location: 2F
0-1: Called Strike
0-2: Strikes out swinging
Batting: LHB Ichiro Toyota 0-0: Called Strike
0-1: Ball
1-1: Ball
2-1: Foul Ball, location: 2F
2-2: Ball
3-2: Foul Ball, location: 2F
3-2: Strikes out swinging
Batting: RHB Immel Kamuzu 0-0: Ball
1-0: Called Strike
1-1: Ball
2-1: SINGLE (Groundball, 6MD, EV 95.6 MPH)
Batting: RHB Brad Payne 0-0: Called Strike
0-1: Ball
1-1: Swinging Strike
1-2: Strikes out swinging
Top of the 5th over - 0 runs, 1 hit, 0 errors, 1 left on base; Johnson City 3 - San Diego (APP) 3
BOTTOM OF THE 5TH
San Diego (APP) Padres batting - Pitching for Johnson City Cardinals : RHP Casey Cogdill
Batting: RHB Tyler West 0-0: Ball
1-0: Ball
2-0: Called Strike
2-1: Ball
3-1: Ground out 6-3 (Groundball, 6, EV 102.5 MPH)
Batting: RHB Max Stillo 0-0: Ball
1-0: Ground out 4-3 (Groundball, 4, EV 84.4 MPH)
Batting: RHB Brent Little 0-0: Ball
1-0: Ball
2-0: DOUBLE (Groundball, 5L, EV 101.3 MPH)
Batting: RHB Wally Cangro 0-0: Ball
1-0: Called Strike
1-1: Called Strike
1-2: Fly out, F9 (Flyball, 9, EV 92.5 MPH)
Bottom of the 5th over - 0 runs, 1 hit, 0 errors, 1 left on base; Johnson City 3 - San Diego (APP) 3
TOP OF THE 6TH
Johnson City Cardinals batting - Pitching for San Diego (APP) Padres : LHP Juan Lopez
Batting: LHB Adam Eisen 0-0: Ball
1-0: Swinging Strike
1-1: Ball
2-1: Fly out, F7 (Flyball, 78M, EV 78.8 MPH)
Batting: RHB Chris Jones 0-0: Swinging Strike
0-1: Ball
1-1: Foul Ball, location: 2F
1-2: Ball
2-2: Ball
3-2: Base on Balls
Batting: RHB Geoff Musico 0-0: Called Strike
0-1: Ball
1-1: Ball
2-1: Ball
3-1: Foul Ball, location: 2F
3-2: Base on Balls
Chris Jones to second
Pitching: RHP Eric Busby
Pinch Runner at 2nd Hank Arias:
Batting: RHB David Klein 0-0: Called Strike
0-1: 3-RUN HOME RUN (Flyball, 8RXD, EV 112.5 MPH), Distance : 456 ft
Batting: RHB Mario Mendoza 0-0: Foul Ball, location: 2F
0-1: Ground out 6-3 (Groundball, 6, EV 90.6 MPH)
Batting: RHB Josh Broome 0-0: Ground out 6-3 (Groundball, 6, EV 84.4 MPH)
Top of the 6th over - 3 runs, 1 hit, 0 errors, 0 left on base; Johnson City 6 - San Diego (APP) 3
BOTTOM OF THE 6TH
San Diego (APP) Padres batting - Pitching for Johnson City Cardinals : RHP Casey Cogdill
Now at 1B: Pat Reprogle
Batting: SHB Yutaro Takahashi 0-0: Foul Ball, location: 2F
0-1: Ball
1-1: Swinging Strike
1-2: Strikes out swinging
Pitching: RHP Andrew Ray
Batting: LHB Hugo MacBeth 0-0: Ball
1-0: Foul Ball, location: 2F
1-1: DOUBLE (Line Drive, 5D, EV 104.4 MPH)
Batting: RHB Freddie Brown 0-0: Foul Ball, location: 2F
0-1: Foul Ball, location: 2F
0-2: Ball
1-2: Foul Ball, location: 2F
1-2: SINGLE (Line Drive, 8LS, EV 102.5 MPH)
Hugo MacBeth to third
Batting: LHB Carlos Cuellar 0-0: Foul Ball, location: 2F
0-1: Called Strike
0-2: Ball
Freddie Brown steals 2nd, throwing error, E2
Hugo MacBeth scores
Freddie Brown to third
1-2: SINGLE (Groundball, 4D, EV 102.5 MPH)
Freddie Brown scores
Batting: LHB Sammy Roddenberry 0-0: Called Strike
0-1: Foul Ball, location: 2F
0-2: Foul Ball, location: 2F
0-2: Ball
1-2: Ball
2-2: Ball
3-2: Strikes out swinging
Batting: RHB Tyler West 0-0: Ball
1-0: Ground out 5-3 (Groundball, 5S, EV 68.1 MPH)
Bottom of the 6th over - 2 runs, 3 hits, 1 error, 1 left on base; Johnson City 6 - San Diego (APP) 5
TOP OF THE 7TH
Johnson City Cardinals batting - Pitching for San Diego (APP) Padres : RHP Eric Busby
Batting: LHB Ichiro Toyota 0-0: Swinging Strike
0-1: Ball
1-1: Fly out, F9 (Line Drive, 89S, EV 98.1 MPH)
Batting: RHB Immel Kamuzu 0-0: Called Strike
0-1: Called Strike
0-2: Foul Ball, location: 2F
0-2: Strikes out swinging
Batting: RHB Brad Payne 0-0: Ball
1-0: Foul Ball, location: 2F
1-1: Ball
2-1: Swinging Strike
2-2: Strikes out looking
Top of the 7th over - 0 runs, 0 hits, 0 errors, 0 left on base; Johnson City 6 - San Diego (APP) 5
BOTTOM OF THE 7TH
San Diego (APP) Padres batting - Pitching for Johnson City Cardinals : RHP Andrew Ray
Pitching: RHP Steve Pierson
Batting: RHB Max Stillo 0-0: Ball
1-0: Fly out, F9 (Flyball, 9D, EV 83.8 MPH)
Pinch Hitting: LHB Ramon Vega 0-0: Ball
1-0: Called Strike
1-1: Called Strike
1-2: Foul Ball, location: 2F
1-2: Ball
2-2: SINGLE (Groundball, 34D, EV 105.0 MPH)
Batting: RHB Wally Cangro 0-0: Ball
Ramon Vega steals 2nd base
1-0: Ball
2-0: Foul Ball, location: 2F
2-1: Ball
3-1: Base on Balls
Batting: SHB Yutaro Takahashi 0-0: Ball
1-0: Foul Ball, location: 2F
1-1: Swinging Strike
1-2: Strikes out looking
Batting: LHB Hugo MacBeth 0-0: Foul Ball, location: 2F
0-1: Ball
1-1: Foul Ball, location: 2F
1-2: Foul Ball, location: 2F
1-2: Ball
2-2: Fly out, F8 (Line Drive, 8LM, EV 98.1 MPH)
Bottom of the 7th over - 0 runs, 1 hit, 0 errors, 2 left on base; Johnson City 6 - San Diego (APP) 5
TOP OF THE 8TH
Johnson City Cardinals batting - Pitching for San Diego (APP) Padres : RHP Eric Busby
Now at 3B: Rogelio Nunez
Now at SS: Max Stillo
Batting: LHB Adam Eisen 0-0: Foul Ball, location: 2F
0-1: Foul Ball, location: 2F
0-2: SINGLE (Line Drive, 6D, EV 97.5 MPH)
Batting: RHB Pat Reprogle 0-0: Foul Ball, location: 2F
0-1: Ball
Adam Eisen is caught stealing 2nd base 2-4
1-1: Ball
2-1: SOLO HOME RUN (Flyball, 7D, EV 99.4 MPH), Distance : 386 ft
Batting: RHB Geoff Musico 0-0: Ground out 1-3 (Groundball, 34S, EV 68.1 MPH)
Batting: RHB David Klein 0-0: Ball
1-0: Ball
2-0: Ball
3-0: Base on Balls
Batting: RHB Mario Mendoza 0-0: Ball
1-0: Ball
2-0: Swinging Strike
2-1: Swinging Strike
2-2: Ball
David Klein steals 2nd base
3-2: Foul Ball, location: 2F
3-2: Strikes out swinging
Top of the 8th over - 1 run, 2 hits, 0 errors, 1 left on base; Johnson City 7 - San Diego (APP) 5
BOTTOM OF THE 8TH
San Diego (APP) Padres batting - Pitching for Johnson City Cardinals : RHP Steve Pierson
Pitching: LHP Kevin Turner
Batting: RHB Freddie Brown 0-0: Ball
1-0: Swinging Strike
1-1: Called Strike
1-2: Ball
2-2: Ball
3-2: Foul Ball, location: 2F
3-2: Base on Balls
Batting: LHB Carlos Cuellar 0-0: Foul Ball, location: 2F
0-1: Ball
1-1: Ball
2-1: Ball
3-1: Fielders Choice at 2nd, 3-6 (Groundball, 34S, EV 77.5 MPH)
Pinch Hitting: RHB Aaron Joseph 0-0: Ball
1-0: Fly out, F8 (Flyball, 8RD, EV 90.0 MPH)
Batting: RHB Tyler West 0-0: Called Strike
0-1: Foul Ball, location: 2F
0-2: Ball
1-2: Ball
2-2: Ground out 4-3 (Groundball, 34, EV 109.4 MPH)
Bottom of the 8th over - 0 runs, 0 hits, 0 errors, 1 left on base; Johnson City 7 - San Diego (APP) 5
TOP OF THE 9TH
Johnson City Cardinals batting - Pitching for San Diego (APP) Padres : RHP Eric Busby
Now in CF: Yutaro Takahashi
Now in RF: Tom Tate
Batting: RHB Josh Broome 0-0: Foul Ball, location: 2F
0-1: Ground out 6-3 (Groundball, 6, EV 100.6 MPH)
Batting: LHB Ichiro Toyota 0-0: Called Strike
0-1: Foul Ball, location: 2F
0-2: Foul Ball, location: 2F
0-2: Ball
1-2: Ball
2-2: Foul Ball, location: 2F
2-2: SINGLE (Line Drive, 8LS, EV 93.8 MPH)
Batting: RHB Immel Kamuzu 0-0: Called Strike
Ichiro Toyota steals 2nd base
0-1: DOUBLE (Line Drive, 89M, EV 104.4 MPH)
Ichiro Toyota scores
Pitching: LHP Kenny Cohn
Batting: RHB Brad Payne 0-0: Ball
1-0: Ball
2-0: Ball
3-0: Called Strike
3-1: Base on Balls
Batting: LHB Adam Eisen 0-0: Called Strike
0-1: Swinging Strike
0-2: Strikes out looking
Batting: RHB Pat Reprogle 0-0: Fly out, F7 (Flyball, 7D, EV 101.3 MPH)
Top of the 9th over - 1 run, 2 hits, 0 errors, 2 left on base; Johnson City 8 - San Diego (APP) 5
BOTTOM OF THE 9TH
San Diego (APP) Padres batting - Pitching for Johnson City Cardinals : LHP Kevin Turner
Pitching: LHP Juan Velez
Batting: RHB Max Stillo 0-0: Called Strike
0-1: Fly out, F8 (Line Drive, 8RD, EV 102.5 MPH)
Batting: LHB Rogelio Nunez 0-0: Called Strike
0-1: Foul Ball, location: 2F
0-2: Ball
1-2: Foul Ball, location: 2F
1-2: Strikes out swinging
Batting: RHB Wally Cangro 0-0: Called Strike
0-1: Swinging Strike
0-2: Ball
1-2: Ball
2-2: Foul Ball, location: 2F
2-2: Ball
3-2: SINGLE (Flyball, 34D, EV 87.5 MPH)
Batting: SHB Yutaro Takahashi 0-0: Called Strike
0-1: Ball
Wild Pitch!
Wally Cangro to second
1-1: Called Strike
1-2: Ball
2-2: Strikes out looking
Bottom of the 9th over - 0 runs, 1 hit, 0 errors, 1 left on base; Johnson City 8 - San Diego (APP) 5
Thursday, March 31st , 2022 - OOTP Baseball 22.12 Build 89